 Dungeon Crawl Stone Soup version 0.16.1-11-g651b585 (webtiles) character file.

73 abixa the Chopper (level 4, 0/37 HPs)
             Began as a Hill Orc Gladiator on Mar 31, 2015.
             Slain by an adder (1 damage)
             ... on level 3 of the Dungeon.
             The game lasted 00:03:20 (1464 turns).

abixa the Chopper (Hill Orc Gladiator)              Turns: 1464, Time: 00:03:20

Health: 0/37       AC:  2    Str: 17    XL:     4   Next: 27%
Magic:  4/4        EV: 12    Int:  9    God:
Gold:   67         SH:  0    Dex: 11    Spells: 0 memorised, 3 levels left

rFire  . . .     SeeInvis .     a - +0 war axe
rCold  . . .     Clarity  .     b - +0 leather armour
rNeg   . . .     SustAb   .     (no shield)
rPois  .         Gourm    .     c - +0 helmet
rElec  .         Spirit   .     (no cloak)
rCorr  .         Warding  .     (no gloves)
rMut   .         Stasis   .     (no boots)
MR     .....                    (no amulet)
Stlth  +.........               (no ring)
                                (no ring)

@: lethally poisoned (0 -> -3), not resistant to hostile enchantments, very
unstealthy
A: deformed body, no device heal 1, forlorn
a: no special abilities


You were on level 3 of the Dungeon.
You were not hungry.

You visited 1 branch of the dungeon, and saw 3 of its levels.

You collected 67 gold pieces.

Inventory:

Hand weapons
 a - a +0 war axe (weapon)
 u - a cursed -2 hunting sling
Missiles
 d - 3 throwing nets
 e - 57 stones (quivered)
 h - 47 arrows
 p - 8 poisoned needles
Armour
 b - a +0 leather armour (worn)
 c - a +0 helmet (worn)
Scrolls
 g - 2 scrolls of remove curse {unknown}
 k - 2 scrolls of identify {unknown}
 m - a scroll of teleportation {unknown}
 t - a scroll of enchant armour {unknown}
Potions
 j - a potion of magic {unknown}
 l - a potion of curing {unknown}
 n - a potion of lignification {unknown}
 o - a potion of heal wounds {unknown}
 q - a potion of poison {unknown}
 w - a potion of berserk rage {unknown}
Comestibles
 f - 2 meat rations
 r - 2 bread rations
 s - 3 slices of pizza
 v - a chunk of flesh


   Skills:
 - Level 2.4 Fighting
 + Level 6.6 Axes
 - Level 2.0 Throwing
 - Level 2.4 Dodging


You had 3 spell levels left.
You didn't know any spells.

Dungeon Overview and Level Annotations

Branches:
Dungeon (3/15)

Altars:


Innate Abilities, Weirdness & Mutations

Armour fits poorly on your strangely shaped body.
Potions and wands are less effective at restoring your health.
You have difficulty communicating with the divine.


Message History

The adder is severely wounded.
* * * LOW HITPOINT WARNING * * *
You feel sick. The adder bites you.
* * * LOW HITPOINT WARNING * * *
The adder bites you but does no damage.
Drink which item? (? for menu, Esc to quit)
It was a potion of mutation.
You feel extremely strange.
Your system partially rejects artificial healing.
You feel forlorn.
Your body twists and deforms.
The adder closely misses you.
Unknown command.
Unknown command.
You miss the adder.
The adder is severely wounded.
* * * LOW HITPOINT WARNING * * *
You feel sick. The adder closely misses you.
You closely miss the adder.
The adder is severely wounded.
The adder bites you.
You die...

... #...#........ ......
#...#........ .......
#...#....)...
.......#####...###......
.........................
.......(.................
.......(............#####
#...S.........)..# #
...#...@............#####
#.............###.......##
.............# #.........
........##...# #.........
...#######...###.........
. #...................
#...................
#.................##
#...........#######


You could see an adder.

Vanquished Creatures
  3 adders
  A gnoll (D:1)
  A worm (D:3)
  2 giant cockroaches (D:2)
  4 hobgoblins
  4 jackals (D:2)
  7 bats
  2 giant geckos
  A giant newt (D:2)
  5 goblins
  A kobold (D:3)
  5 rats
36 creatures vanquished.

Notes
Turn   | Place    | Note
--------------------------------------------------------------
     0 | D:1      | abixa, the Hill Orc Gladiator, began the quest for the Orb.
     0 | D:1      | Reached XP level 1. HP: 18/18 MP: 1/1
    74 | D:1      | Reached XP level 2. HP: 19/25 MP: 2/2
    81 | D:1      | Reached skill level 5 in Axes
   646 | D:2      | Reached XP level 3. HP: 20/30 MP: 3/3
  1183 | D:2      | Reached skill level 6 in Axes
  1362 | D:3      | Reached XP level 4. HP: 33/37 MP: 4/4
  1462 | D:3      | Gained mutation: Potions and wands are less effective at restoring your health. [potion of mutation]
  1462 | D:3      | Gained mutation: You have difficulty communicating with the divine. [potion of mutation]
  1462 | D:3      | Gained mutation: Armour fits poorly on your strangely shaped body. [potion of mutation]
  1463 | D:3      | HP: 1/37 [poisoned by an adder]
  1464 | D:3      | Slain by an adder

Action                   |  1- 3 |  4- 6 || total
-------------------------+-------+-------++-------
Melee: War axe           |    87 |    23 ||   110
Throw: Stone             |     3 |     4 ||     7
  Use: Potion            |       |     1 ||     1
  Eat: Chunk             |     1 |     1 ||     2
